 Dungeon Crawl Stone Soup version 0.18.1-8-gdd0e5ea (webtiles) character file.

314254 nikopol the Phalangite (level 20, -3/182 HPs)
             Began as a Minotaur Berserker on June 5, 2016.
             Was the Champion of Trog.
             Killed from afar by a deep elf sorcerer (18 damage)
             ... with a bolt of acid
             ... on level 3 of the Elven Halls.
             The game lasted 03:41:30 (41673 turns).

nikopol the Phalangite (Minotaur Berserker)        Turns: 41673, Time: 03:41:31

Health: -3/182     AC: 41    Str: 32    XL:     20   Next: 48%
Magic:  19/19      EV: 23    Int:  3    God:    Trog [******]
Gold:   3401       SH:  0    Dex: 30    Spells: 0 memorised, 19 levels left

rFire  + . .     SeeInvis .     x - +8 demon trident "Fihy" {flame, -Tele +Rage Dex+8}
rCold  + . .     Gourm    .     X - +3 crystal plate armour "Nuososm" {rF+ rC+ rN+ Int-2}
rNeg   + . .     Faith    .     (no shield)
rPois  .         Spirit   .     z - +0 hat "Iriacs" {rElec Dex+4}
rElec  +         Dismiss  .     E - +2 cloak {MR+}
rCorr  .         Reflect  .     U - +2 pair of gloves
SustAt .         Harm     .     C - +5 pair of boots "Arism" {rElec MR+}
MR     +++++     NoTele   +     k - amulet of regeneration
Stlth  ..........               m - +3 ring of dexterity
                                T - +2 ring of evasion

@: mighty, exhausted, regenerating, slowed, very slow, almost entirely resistant
to hostile enchantments, extremely unstealthy
A: retaliatory headbutt, horns 2, strong 1
a: Berserk, Trog's Hand, Brothers in Arms, Burn Spellbooks, Renounce Religion,
Evoke Berserk Rage
}: 2/15 runes: decaying, gossamer


You were on level 3 of the Elven Halls.
You worshipped Trog.
Trog was exalted by your worship.
You were near starving.

You visited 6 branches of the dungeon, and saw 36 of its levels.
You also visited: Labyrinth, Ossuary and Bailey.

You collected 3861 gold pieces.
You spent 460 gold pieces at shops.

Inventory:

Hand Weapons
 c - a +7 longbow of freezing
 x - the +8 demon trident "Fihy" (weapon) {flame, -Tele +Rage Dex+8}
   (Trog gifted it to you on level 6 of the Lair of Beasts)

   It has been specially enchanted to burn those struck by it, causing extra
   injury to most foes and up to half again as much damage against particularly
   susceptible opponents.
   It affects your dexterity (+8).
   It lets you go berserk.
   It prevents most forms of teleportation.
 Z - the +9 halberd of Pantheism {flame, *Drain rN+ Int+3 Dex+6}
   (Trog gifted it to you on level 13 of the Dungeon)

   It has been specially enchanted to burn those struck by it, causing extra
   injury to most foes and up to half again as much damage against particularly
   susceptible opponents.
   Big, fiery blades are also staple armaments of hydra-hunters.
   It affects your intelligence (+3).
   It affects your dexterity (+6).
   It protects you from negative energy.
   It causes draining when unequipped.
Missiles
 A - 1107 arrows (quivered)
Armour
 z - the +0 hat "Iriacs" (worn) {rElec Dex+4}
   (You acquired it in a bailey)

   It affects your dexterity (+4).
   It insulates you from electricity.
 C - the +5 pair of boots "Arism" (worn) {rElec MR+}
   (You found it on level 4 of the Dungeon)

   It insulates you from electricity.
   It affects your resistance to hostile enchantments.
 E - a +2 cloak of magic resistance (worn)
 U - a +2 pair of gloves (worn)
 V - a +4 scale mail of poison resistance
 X - the +3 crystal plate armour "Nuososm" (worn) {rF+ rC+ rN+ Int-2}
   (You acquired it on level 1 of the Spider Nest)

   It affects your intelligence (-2).
   It protects you from fire.
   It protects you from cold.
   It protects you from negative energy.
Jewellery
 k - an amulet of regeneration (around neck)
 m - a +3 ring of dexterity (right hand)
 G - an uncursed ring of sustain attributes
 Q - the amulet "Pyili" {Spirit *Confuse +Fly rF++ Stlth+}
   (You took it off a minotaur in a labyrinth)

   [amulet of guardian spirit]

   It causes incoming damage to be split between your health and magic.
   It greatly protects you from fire.
   It lets you fly.
   It may confuse you when you take damage.
   It makes you more stealthy.
 T - a +2 ring of evasion (left hand)
 W - an uncursed ring of see invisible
 Y - an uncursed ring of resist corrosion
Wands
 H - a wand of teleportation (5/9)
 M - a wand of digging (9/24)
Scrolls
 b - 7 scrolls of recharging
 d - 8 scrolls of teleportation
 e - 7 scrolls of fear
 l - 4 scrolls of blinking
 q - 10 scrolls of magic mapping
 y - 18 scrolls of identify
 B - 4 scrolls of holy word
 D - 2 scrolls of silence
 J - 2 scrolls of enchant armour
 N - 2 scrolls of summoning
 O - 19 scrolls of remove curse
 S - 8 scrolls of fog
Potions
 f - 8 potions of cure mutation
 g - 3 potions of resistance
 h - 2 potions of cancellation
 j - 3 potions of haste
 n - 6 potions of ambrosia
 o - 10 potions of brilliance
 p - 20 potions of curing
 r - 11 potions of heal wounds
 s - 6 potions of agility
 t - 2 potions of beneficial mutation
 v - a potion of magic
 w - 6 potions of flight
 F - 4 potions of might
 L - 3 potions of invisibility
 R - a potion of berserk rage
Comestibles
 a - 6 chunks of flesh
 i - 23 meat rations
 u - 82 fruits
 I - 11 slices of pizza
 K - 28 bread rations
 P - 8 beef jerkies


   Skills:
 + Level 16.7 Fighting
 * Level 21.6 Polearms
 * Level 19.8 Bows
 + Level 16.6 Armour
 + Level 15.6 Dodging


You had 19 spell levels left.
You didn't know any spells.

Dungeon Overview and Level Annotations

Branches:
Dungeon (15/15)            Temple (0/1) D:7            Lair (8/8) D:11
  Swamp (4/4) Lair:3       Spider (4/4) Lair:3        Slime (0/6) Lair:7
    Orc (2/2) D:9             Elf (3/3) Orc:2        Vaults (0/5) D:13
 Depths (0/5) D:15

Altars:
Ashenzari
Cheibriados
Dithmenos
Fedhas
Kikubaaqudgha
Makhleb
Okawaru
Pakellas
Qazlal
Ru
Trog
Yredelemnul
Zin
The Shining One
Beogh
Jiyva

Shops:
D:8 *   Orc:1 [   Orc:2 (=*[   Elf:1 !?*%   Elf:2 *


Innate Abilities, Weirdness & Mutations

You reflexively headbutt those who attack you in melee.
You have a pair of horns on your head.
Your muscles are strong. (Str +2)


Message History

The deep elf sorcerer wildly gestures.
You feel troubled.
You puncture the small abomination! You burn the small abomination.
You headbutt the small abomination, but do no damage.
The small abomination is almost destroyed.
The small abomination completely misses you.
You furiously retaliate!
You headbutt the small abomination!
You destroy the small abomination!
The deep elf sorcerer points at you and mumbles some strange words.
The bolt of acid misses you.
You feel a strong urge to attack something.
Things that are here:
a long sword; an elf corpse You feel your anger subside.
You are no longer berserk.
You are exhausted.
You feel yourself slow down.
You are near starving!
The deep elf sorcerer gestures at you while chanting.
The bolt of acid hits you!
You die...

#4e3e.### ### #eeE##. #.. .
#)##.## #.. #. #e#...# #..
#..#e#..# #..
####.....################..
#.........#.....#..........
#........)#.....'.........#
+.........@.....#..).....##
########'###+####'########.
........................'.
........................#.
#################################
≈≈≈≈≈≈≈≈≈≈≈≈≈≈≈≈≈≈≈≈≈≈≈≈≈≈≈≈≈≈≈≈#
≈≈≈≈≈≈≈≈≈≈≈≈≈≈≈≈≈≈≈≈≈≈≈≈≈≈≈≈≈≈≈≈≈
........)......................≈≈
.....))..........................


You could see a deep elf sorcerer and a deep elf demonologist.

Vanquished Creatures
  Asterion (Elf:1)
  A tentacled monstrosity (Swamp:3)
  A deep elf blademaster (Elf:3)
  A deep elf master archer (Elf:3)
  Kirke (Spider:1)
  A thorn hunter (Swamp:3)
  Agnes (Spider:4)
  Roxanne (Spider:2)
  4 ghost moths (Spider:4)
  An orc warlord (Orc:2)
  4 deep elf sorcerers
  Aizul (Spider:2)
  5 emperor scorpions
  Louise (Swamp:1)
  3 deep elf elementalists (Elf:3)
  A stone giant (Orc:1)
  Nessos (Orc:2)
  A deep elf demonologist (Elf:1)
  4 deep elf annihilators
  5 spark wasps (Spider:4)
  4 fire dragons
  2 deep elf death magi (Elf:3)
  A minotaur (Lab)
  3 vault guards (D:13)
  A deep elf high priest (Elf:1)
  A rakshasa (D:14)
  3 entropy weavers
  2 ghost crabs
  2 centaur warriors
  The ghost of Aquadorian the Fighter, a journeyman GrMo of Ashenzari (D:12)
  16 hydras
  4 catoblepae
  An anaconda (Lair:4)
  7 alligators
  28 death yaks
  4 tengu warriors
  A vampire mage (D:15)
  A queen ant (Lair:3)
  An orc high priest (Bailey)
  23 dancing weapons
  21 deep elf knights
  6 skeletal warriors (D:15)
  A small abomination (Elf:3)
  2 fire crabs
  11 swamp dragons
  8 death scarabs (Spider:4)
  2 unseen horrors
  A flayed ghost (D:8)
  11 deep elf archers
  Pikel (D:8)
  2 shambling mangroves
  4 orc knights
  3 spectral wolf spiders (Spider:4)
  2 necromancers
  3 wizards (D:13)
  2 lindwurms (Swamp:4)
  A fire giant zombie (D:15)
  5 hill giants
  A stone giant zombie (D:15)
  A wolf spider zombie (Spider:4)
  9 orb spiders
  An oklob plant (Swamp:1)
  2 orc sorcerers (Orc:2)
  38 deep elf magi
  23 wolf spiders
  7 cyclopes
  21 ugly things
  A griffon (D:12)
  11 hornets
  3 moths of wrath
  A manticore (D:14)
  The ghost of georgeearnest the Ruffian, a novice TrMo of Pakellas (D:6)
  9 elephants
  5 black mambas
  4 torpor snails
  25 spiny frogs
  A spiny frog (shapeshifter) (D:13)
  2 rime drakes
  A yaktaur (D:15)
  A freezing wraith (D:15)
  3 redback zombies (Spider:4)
  A kobold demonologist (Bailey)
  5 spectral redbacks (Spider:4)
  10 demonic crawlers
  13 komodo dragons
  A tengu conjurer (D:14)
  3 spriggan druids (Lair:5)
  2 giant leeches
  7 trolls
  5 spectral tarantellas (Spider:4)
  2 polar bears (Lair:5)
  27 jumping spiders
  A two-headed ogre (D:13)
  2 spectral jumping spiders (Spider:4)
  6 bog bodies
  2 tarantella zombies (Spider:4)
  A hornet zombie (Spider:4)
  18 blink frogs
  2 boulder beetles
  A deep troll zombie (D:15)
  29 slime creatures
  A jumping spider zombie (Spider:4)
  94 redbacks
  15 spriggans
  30 tarantellas
  An air elemental (Elf:1)
  4 shadows
  55 yaks
  A vampire (D:13)
  6 wraiths
  2 wyverns (D:12)
  4 fire bats
  Eustachio (D:4)
  3 steam dragons
  17 hippogriffs
  18 vampire mosquitoes
  6 basilisks
  A fire elemental (Elf:1)
  2 hungry ghosts (D:15)
  5 hogs (Spider:1)
  17 humans (D:13)
  5 wargs (Orc:2)
  8 mottled dragons
  Edmund (D:6)
  21 swamp worms
  17 insubstantial wisps
  5 soldier ants (Lair:3)
  18 water moccasins
  7 porcupines
  38 orc warriors
  13 swamp drakes
  An ice beast (D:15)
  A sky beast (D:12)
  A slave (D:8)
  A necrophage (D:9)
  13 wasps
  5 phantoms
  14 wolves
  13 ogres
  24 centaurs
  18 crocodiles
  A yaktaur zombie (D:15)
  3 big kobolds
  22 giant frogs
  A wyvern zombie (D:13)
  8 scorpions
  14 killer bees
  12 wights
  4 electric eels
  5 howler monkeys
  8 crimson imps
  A giant frog zombie (D:10)
  2 lava snakes
  2 centaur zombies
  4 quasits
  7 hounds
  20 orc wizards
  4 jellies
  A gnoll shaman (D:7)
  24 orc priests
  3 giant frog skeletons
  2 centaur skeletons
  8 iguanas
  31 worker ants
  23 sheep
  A big kobold zombie (Ossuary)
  2 hound skeletons
  Robin (D:2)
  3 mummies (Ossuary)
  A howler monkey zombie (D:6)
  10 gnolls
  20 adders
  2 howler monkey skeletons
  94 river rats
  3 shadow imps
  2 oozes (Lair:7)
  An adder skeleton (D:8)
  21 worms
  A dart slug (D:1)
  9 giant geckos
  80 orcs
  28 bats
  9 giant cockroaches
  25 goblins
  19 hobgoblins
  13 jackals
  11 kobolds
  6 quokkas
  5 giant newts
  3 goblin zombies (Ossuary)
  A hobgoblin zombie (Ossuary)
  A jackal skeleton (D:7)
  A kobold zombie (Ossuary)
  An orc zombie (Ossuary)
  A quokka skeleton (D:8)
  8 rats
  4 briar patches (Swamp:3)
  6 fungi
  9 plants
1659 creatures vanquished.

Vanquished Creatures (collateral kills)
  An orc high priest (Orc:1)
  An orc knight (Orc:1)
  A warg (Orc:1)
  An orc warrior (Orc:1)
  2 gnolls (Orc:1)
  An orc (Orc:1)
7 creatures vanquished.

Vanquished Creatures (others)
  2 deep elf elementalists (Elf:3)
  2 hydras (Swamp:4)
  A deep elf mage (Elf:1)
  A giant leech (Swamp:2)
  A shadow (Swamp:4)
  A human (Spider:2)
  3 insubstantial wisps (Swamp:4)
  A swamp drake (Swamp:4)
  3 slaves (D:8)
  A giant frog (D:8)
  A killer bee (D:8)
  An orc wizard (D:6)
  2 bats (D:8)
  A fire vortex (Lair:8)
  8 fungi
  12 plants
41 creatures vanquished.

Grand Total: 1707 creatures vanquished

Notes
Turn   | Place    | Note
--------------------------------------------------------------
     0 | D:1      | nikopol the Minotaur Berserker began the quest for the Orb.
     0 | D:1      | Reached XP level 1. HP: 19/19 MP: 0/0
   170 | D:1      | Found a snail-covered altar of Cheibriados.
   259 | D:1      | Reached XP level 2. HP: 27/27 MP: 1/1
   520 | D:1      | Reached skill level 4 in Polearms
   623 | D:1      | Reached XP level 3. HP: 33/33 MP: 2/2
   633 | D:1      | Reached ** piety under Trog
   872 | D:2      | Noticed Robin
  1399 | D:2      | Reached XP level 4. HP: 31/41 MP: 3/3
  1545 | D:2      | Found a basalt altar of Yredelemnul.
  1684 | D:2      | Killed Robin
  1711 | D:2      | Reached *** piety under Trog
  2174 | D:3      | Found a faded altar to an unknown god.
  2187 | D:3      | Reached XP level 5. HP: 47/47 MP: 4/4
  2226 | D:3      | Reached skill level 5 in Polearms
  2654 | D:4      | Reached skill level 5 in Fighting
  2668 | D:4      | Reached XP level 6. HP: 56/56 MP: 5/5
  2752 | D:4      | Noticed Eustachio
  2773 | D:4      | Killed Eustachio
  2843 | D:4      | Reached XP level 7. HP: 60/62 MP: 6/6
  2873 | D:4      | Reached **** piety under Trog
  2873 | D:4      | Reached skill level 6 in Polearms
  2873 | D:4      | Reached skill level 5 in Armour
  2981 | D:4      | Reached skill level 5 in Dodging
  3496 | D:4      | Got a pair of faintly humming boots
  3502 | D:4      | Identified the +5 pair of boots "Arism" {rElec MR+} (You found it on level 4 of the Dungeon)
  3745 | D:5      | Entered Level 5 of the Dungeon
  4040 | D:5      | Found a burning altar of Makhleb.
  4040 | D:5      | Found a shattered altar of Ashenzari.
  4041 | D:5      | Found a sacrificial altar of Ru.
  4347 | D:5      | Reached XP level 8. HP: 71/71 MP: 7/7
  4495 | D:5      | Reached skill level 7 in Polearms
  4532 | D:5      | Reached skill level 1 in Bows
  4541 | D:5      | Found a blossoming altar of Fedhas.
  4597 | D:5      | Got a heavily runed leather armour
  4608 | D:5      | Identified the +1 leather armour "Eluam" {Slay+2} (You found it on level 5 of the Dungeon)
  4634 | D:6      | Noticed Edmund
  4643 | D:6      | Killed Edmund
  4715 | D:6      | Noticed georgeearnest's ghost (novice TrMo)
  4727 | D:6      | Killed georgeearnest's ghost
  4829 | D:6      | Found an ancient bone altar of Kikubaaqudgha.
  4855 | D:6      | Noticed a troll
  4868 | D:6      | Killed a troll
  4868 | D:6      | Reached skill level 8 in Polearms
  4913 | D:6      | Reached XP level 9. HP: 79/79 MP: 8/8
  5001 | D:6      | Found a glowing golden altar of the Shining One.
  5706 | D:7      | Got a steaming leather armour
  5808 | D:7      | Reached skill level 5 in Bows
  6025 | D:7      | Reached ***** piety under Trog
  6036 | D:7      | HP: 2/81 [orc priest/divine providence (8)]
  6186 | D:7      | Reached skill level 9 in Polearms
  6571 | D:7      | Found a staircase to the Ecumenical Temple.
  6814 | D:8      | Found Taerieb's Assorted Antiques.
  6826 | D:8      | Noticed Pikel
  6847 | D:8      | Killed Pikel
  6847 | D:8      | Reached XP level 10. HP: 78/88 MP: 9/9
  6856 | D:8      | Found a shadowy altar of Dithmenos.
  6857 | D:8      | Found a sand-covered staircase.
  6870 | Ossuary  | Entered an ossuary
  7431 | D:8      | Found an iron altar of Okawaru.
  7435 | D:8      | Found a bloodstained altar of Trog.
  7581 | D:8      | Found a stormy altar of Qazlal.
  7884 | D:8      | Reached skill level 10 in Polearms
  8077 | D:8      | Received a gift from Trog
  8090 | D:8      | Found a burning altar of Makhleb.
  8102 | D:8      | Found a runed door.
  8162 | D:8      | Found a basalt altar of Yredelemnul.
  8192 | D:8      | Found a glowing silver altar of Zin.
  8218 | D:8      | Found a bloodstained altar of Trog.
  8257 | D:8      | Found a glowing golden altar of the Shining One.
  8260 | D:8      | Found an oddly glowing altar of Pakellas.
  8358 | D:8      | Noticed a flayed ghost
  8369 | D:8      | Killed a flayed ghost
  8379 | D:8      | Got an iridescent battleaxe
  8380 | D:8      | Identified the +1 battleaxe "Xosib" {chop, Dex+3} (You found it on level 8 of the Dungeon)
  8382 | D:8      | Got a crude plate armour
  8393 | D:8      | Identified the cursed +0 plate armour of the Other Side {+Inv rElec Slay-4} (You found it on level 8 of the Dungeon)
  8394 | D:8      | Got a crude great sword
  8395 | D:8      | Identified the +1 great sword of Foabe {holy, rElec rF+ Int+3} (You found it on level 8 of the Dungeon)
  8572 | D:9      | Reached skill level 11 in Polearms
  8580 | D:9      | Received a gift from Trog
  8710 | D:9      | Reached XP level 11. HP: 97/97 MP: 10/10
  8871 | D:9      | Found a flagged portal.
  8884 | Bailey   | Entered a bailey
  9035 | Bailey   | Found an iron altar of Okawaru.
  9035 | Bailey   | Noticed an orc high priest
  9051 | Bailey   | Killed an orc high priest
  9514 | Bailey   | Noticed an orc knight
  9528 | Bailey   | Killed an orc knight
  9590 | Bailey   | Got a transparent hat
  9596 | Bailey   | Identified the +0 hat "Iriacs" {rElec Dex+4} (You acquired it in a bailey)
  9831 | D:9      | Got an ichor-stained hat
  9842 | D:9      | Identified the -1 hat "Gavelaf" {*Confuse MR++ Regen+ Dex+2} (You acquired it on level 9 of the Dungeon)
  9863 | D:9      | Identified a +0 pair of boots of running (You acquired it on level 9 of the Dungeon)
 10311 | D:9      | Found a staircase to the Orcish Mines.
 10674 | D:8      | Bought a scroll of identify for 62 gold pieces
 10674 | D:8      | Bought a scroll of remove curse for 93 gold pieces
 10720 | D:8      | Identified the +3 leather armour "Qirgh" {rCorr Int-4 Slay+2} (You found it on level 7 of the Dungeon)
 10720 | D:8      | Lost intelligence.
 10763 | D:8      | Bought a bone ring for 155 gold pieces
 10800 | D:10     | Entered Level 10 of the Dungeon
 10960 | D:10     | Noticed a hill giant
 10975 | D:10     | Killed a hill giant
 10975 | D:10     | Reached skill level 12 in Polearms
 11196 | D:10     | Received a gift from Trog
 11314 | D:10     | Reached skill level 10 in Bows
 11363 | D:10     | Noticed a fire dragon
 11386 | D:10     | Killed a fire dragon
 12128 | D:11     | Received a gift from Trog
 12132 | D:11     | Reached skill level 10 in Fighting
 12251 | D:11     | Reached XP level 12. HP: 100/106 MP: 11/11
 12586 | D:11     | Reached skill level 13 in Polearms
 12863 | D:11     | Reached skill level 10 in Armour
 12925 | D:11     | Found a staircase to the Lair.
 12996 | Lair:1   | Entered Level 1 of the Lair of Beasts
 13041 | Lair:1   | Reached ****** piety under Trog
 13726 | Lair:1   | Received a gift from Trog
 13936 | Lair:2   | Noticed a four-headed hydra
 13945 | Lair:2   | Killed a nine-headed hydra
 13972 | Lair:2   | Found a labyrinth entrance.
 13981 | Lab      | Entered a labyrinth
 14814 | Lab      | Noticed a minotaur
 14821 | Lab      | Killed a minotaur
 14823 | Lab      | Got a sparkling emerald amulet
 14828 | Lab      | Got a faintly glowing leather armour
 14974 | Lair:2   | Identified the +2 leather armour of Twilight {rPois rN+ MR-} (You took it off a minotaur in a labyrinth)
 14988 | Lair:2   | Identified the amulet "Pyili" {Spirit *Confuse +Fly rF++ Stlth+} (You took it off a minotaur in a labyrinth)
 15082 | Lair:2   | Received a gift from Trog
 15244 | Lair:2   | Received a gift from Trog
 15247 | Lair:2   | Noticed a five-headed hydra
 15257 | Lair:2   | Killed a one-headed hydra
 15257 | Lair:2   | Reached skill level 10 in Dodging
 15594 | Lair:2   | Received a gift from Trog
 16131 | Lair:3   | Noticed a death yak
 16132 | Lair:3   | Noticed a death yak
 16133 | Lair:3   | Noticed a death yak
 16143 | Lair:3   | Noticed a death yak
 16144 | Lair:3   | Noticed a death yak
 16145 | Lair:3   | Noticed a death yak
 16148 | Lair:3   | Killed a death yak
 16148 | Lair:3   | Reached skill level 14 in Polearms
 16152 | Lair:3   | Killed a death yak
 16156 | Lair:3   | Killed a death yak
 16156 | Lair:3   | Reached XP level 13. HP: 116/116 MP: 12/12
 16203 | Lair:3   | Found a staircase to the Swamp.
 16288 | Lair:3   | Found a hole to the Spider Nest.
 16665 | Lair:3   | Received a gift from Trog
 16897 | Lair:4   | Received a gift from Trog
 17133 | Lair:4   | Received a gift from Trog
 17171 | Lair:4   | Received a gift from Trog
 18341 | Lair:5   | Reached skill level 15 in Polearms
 18431 | Lair:5   | Got a clouded platinum ring
 18433 | Lair:5   | Identified the ring of Musem {MP+9 Stlth+} (You found it on level 5 of the Lair of Beasts)
 18521 | Lair:5   | Received a gift from Trog
 18744 | Lair:6   | Reached XP level 14. HP: 125/125 MP: 13/13
 19199 | Lair:6   | Received a gift from Trog
 19202 | Lair:6   | Got a steaming demon trident {god gift}
 19203 | Lair:6   | Identified the +8 demon trident "Fihy" {flame, -Tele +Rage Dex+8} (Trog gifted it to you on level 6 of the Lair of Beasts)
 20003 | Lair:7   | You fall through a shaft!
 20003 | Lair:8   | Entered Level 8 of the Lair of Beasts
 20025 | Lair:8   | Reached skill level 16 in Polearms
 20281 | Lair:7   | Received a gift from Trog
 20292 | Lair:7   | Found a runed door.
 20292 | Lair:7   | Found a viscous altar of Jiyva.
 20295 | Lair:7   | Found a staircase to the Slime Pits.
 20370 | Lair:7   | Received a gift from Trog
 21075 | Lair:8   | Received a gift from Trog
 21596 | Lair:8   | Reached XP level 15. HP: 82/134 MP: 14/14
 21722 | Lair:8   | Received a gift from Trog
 22103 | Lair:8   | Received a gift from Trog
 22793 | Orc:1    | Entered Level 1 of the Orcish Mines
 23065 | Orc:2    | Entered Level 2 of the Orcish Mines
 23178 | Orc:2    | Noticed Nessos
 23185 | Orc:2    | Killed Nessos
 23212 | Orc:2    | Found a staircase to the Elven Halls.
 23366 | Orc:1    | Received a gift from Trog
 23367 | Orc:1    | Reached skill level 17 in Polearms
 23370 | Orc:1    | Found Umuifits's Armour Emporium.
 23724 | Orc:2    | Noticed an orc warlord
 23742 | Orc:2    | Killed an orc warlord
 23748 | Orc:2    | Received a gift from Trog
 23866 | Orc:2    | Found a roughly hewn altar of Beogh.
 23902 | Orc:2    | Found Hoekliv's General Store.
 23916 | Orc:2    | Found Plog's Antique Weapon Shop.
 24299 | Orc:2    | Found Keugywk's Antique Armour Shop.
 24322 | Orc:2    | Found Macrirhiomu's Jewellery Shop.
 24787 | D:12     | Reached skill level 15 in Bows
 25450 | D:12     | Noticed Aquadorian's ghost (journeyman GrMo)
 25465 | D:12     | Killed Aquadorian's ghost
 25749 | D:13     | Gained mutation: Your muscles are strong. (Str +2) [potion of beneficial mutation]
 25814 | D:13     | Received a gift from Trog
 25842 | D:13     | Got an ancient halberd {god gift}
 25843 | D:13     | Identified the +9 halberd of Pantheism {flame, *Drain rN+ Int+3 Dex+6} (Trog gifted it to you on level 13 of the Dungeon)
 26020 | D:13     | Found a gate to the Vaults.
 26200 | D:13     | Found a stormy altar of Qazlal.
 26511 | D:14     | Reached XP level 16. HP: 144/144 MP: 15/15
 27005 | D:14     | Received a gift from Trog
 27500 | D:15     | Entered Level 15 of the Dungeon
 27776 | D:15     | Found a staircase to the Depths.
 27882 | D:15     | Reached skill level 18 in Polearms
 28483 | D:14     | Received a gift from Trog
 28712 | Swamp:1  | Entered Level 1 of the Swamp
 29095 | Swamp:1  | Noticed Louise
 29107 | Swamp:1  | Killed Louise
 29847 | Swamp:1  | Got a pair of faintly humming gloves
 29858 | Swamp:1  | Identified the +1 pair of gloves of Trog's Displeasure {*Corrode rF+ Regen+} (You acquired it on level 1 of the Swamp)
 29889 | Swamp:1  | Reached XP level 17. HP: 152/152 MP: 16/16
 30030 | Swamp:2  | Received a gift from Trog
 30827 | Swamp:3  | Received a gift from Trog
 30852 | Swamp:3  | Noticed a tentacled monstrosity
 30866 | Swamp:3  | Killed a tentacled monstrosity
 31076 | Swamp:3  | Reached XP level 18. HP: 161/161 MP: 17/17
 31137 | Swamp:3  | Reached skill level 19 in Polearms
 31651 | Swamp:4  | Entered Level 4 of the Swamp
 32296 | Swamp:4  | Received a gift from Trog
 32613 | Swamp:4  | Reached skill level 15 in Armour
 32735 | Swamp:4  | Got a decaying rune of Zot
 32868 | Spider:1 | Entered Level 1 of the Spider Nest
 32929 | Spider:1 | Reached skill level 15 in Fighting
 33260 | Spider:1 | Noticed Kirke
 33286 | Spider:1 | Killed Kirke
 33376 | Spider:1 | Got a warped whip
 33377 | Spider:1 | Identified the cursed +1 whip of Jaumytz {flame, Int+4 Dex+3} (You found it on level 1 of the Spider Nest)
 33386 | Spider:1 | Got a slimy crystal plate armour
 33398 | Spider:1 | Identified the +3 crystal plate armour "Nuososm" {rF+ rC+ rN+ Int-2} (You acquired it on level 1 of the Spider Nest)
 33551 | Spider:1 | Received a gift from Trog
 34019 | Spider:2 | Noticed Aizul
 34027 | Spider:2 | Killed Aizul
 34077 | Spider:2 | Noticed Roxanne
 34092 | Spider:2 | Killed Roxanne
 35114 | Spider:3 | Received a gift from Trog
 35589 | Spider:3 | Received a gift from Trog
 35967 | Spider:4 | Entered Level 4 of the Spider Nest
 36155 | Spider:4 | Reached skill level 20 in Polearms
 36267 | Spider:4 | Noticed Agnes
 36272 | Spider:4 | Killed Agnes
 36506 | Spider:4 | Reached XP level 19. HP: 170/170 MP: 18/18
 36804 | Spider:4 | Received a gift from Trog
 37343 | Spider:4 | Reached skill level 15 in Dodging
 37687 | Spider:4 | Got a gossamer rune of Zot
 37933 | Spider:4 | Received a gift from Trog
 38566 | Elf:1    | Entered Level 1 of the Elven Halls
 38742 | Elf:1    | Found Jizin's Magic Scroll Shop.
 38818 | Elf:1    | Found Wihuizan's Distillery.
 38825 | Elf:1    | Bought a potion of heal wounds for 75 gold pieces
 38825 | Elf:1    | Bought a potion of heal wounds for 75 gold pieces
 38848 | Elf:1    | Noticed Asterion
 38866 | Elf:1    | Killed Asterion
 39114 | Elf:1    | Noticed a Brimstone Fiend
 39125 | Elf:1    | Found Affaguji's Assorted Antiques.
 39194 | Elf:1    | Found Cahawex's Food Shoppe.
 39339 | Elf:1    | Received a gift from Trog
 39701 | Elf:2    | Found Dolalos's Assorted Antiques.
 39765 | Elf:2    | Received a gift from Trog
 39774 | Elf:2    | Reached skill level 21 in Polearms
 39797 | Elf:2    | Found a runed gate.
 39797 | Elf:2    | Found a runed gate.
 39801 | Elf:2    | Found a runed gate.
 40353 | Elf:2    | Reached XP level 20. HP: 181/181 MP: 19/19
 40386 | Elf:2    | Received a gift from Trog
 40964 | Elf:3    | Entered Level 3 of the Elven Halls
 41456 | Elf:3    | Received a gift from Trog
 41665 | Elf:3    | HP: 13/273 [???[a deep elf demonologist] (8)]
 41673 | Elf:3    | Killed from afar by a deep elf sorcerer

Skill      XL: |  1  2  3  4  5  6  7  8  9 10 11 12 13 14 15 16 17 18 19 |
---------------+----------------------------------------------------------+-----
Fighting       | 4 5 6 7 8 9 10 11 12 13 14 15 16 | 16.7
Polearms       | 4 5 6 8 9 11 12 14 15 16 17 18 20 21 | 21.6
Armour         | 3 4 5 6 7 8 9 10 11 12 13 14 15 16 | 16.6
Dodging        | 3 4 5 6 7 8 9 10 11 12 13 14 15 | 15.6
Bows           | 3 6 8 10 11 13 14 15 16 17 18 19 | 19.8

Action                   |  1- 3 |  4- 6 |  7- 9 | 10-12 | 13-15 | 16-18 | 19-21 || total
-------------------------+-------+-------+-------+-------+-------+-------+-------++-------
Melee: Spear             |    92 |   153 |   296 |   458 |       |       |       ||   999
       Headbutt          |    12 |    30 |    49 |   203 |   234 |   205 |   135 ||   868
       Trident           |       |       |       |   151 |       |       |       ||   151
       Halberd           |       |       |       |   259 |   882 |       |       ||  1141
       Demon trident     |       |       |       |       |    41 |   650 |   461 ||  1152
       Longbow           |       |       |       |       |       |     1 |       ||     1
 Fire: Shortbow          |       |       |   132 |   165 |       |       |       ||   297
       Longbow           |       |       |       |   149 |   571 |   746 |   468 ||  1934
Invok: Berserk           |     1 |     3 |     6 |    13 |     8 |     3 |     3 ||    37
       Burn Spellbooks   |       |       |     1 |     2 |     5 |     3 |     1 ||    12
       Trog's Hand       |       |       |     1 |       |       |       |     1 ||     2
       Brothers in Arms  |       |       |       |       |     1 |       |       ||     1
 Abil: Evoke Flight      |       |       |       |       |       |     1 |       ||     1
  Use: Scroll            |       |       |    14 |    16 |     9 |    11 |     6 ||    56
       Potion            |       |       |     1 |     1 |     1 |     1 |     1 ||     5
 Stab: Sleeping          |       |       |     1 |       |       |       |       ||     1
       Distracted        |       |       |       |     1 |     1 |       |       ||     2
       Confused          |       |       |       |       |       |     1 |       ||     1
       Held in net/web   |       |       |       |       |       |     1 |       ||     1
  Eat: Chunk             |     3 |     7 |    18 |    34 |    40 |    29 |    15 ||   146
       Royal jelly       |       |       |       |     2 |       |       |     1 ||     3
       Beef jerky        |       |       |       |     3 |     1 |     4 |     1 ||     9
       Fruit             |       |       |       |       |     1 |       |       ||     1
Armor: Animal skin       |     8 |     7 |       |       |       |       |       ||    15
       Ring mail         |       |    13 |    19 |       |       |       |       ||    32
       Leather armour    |       |       |    39 |    68 |       |       |       ||   107
       Scale mail        |       |       |       |   107 |   227 |   168 |   112 ||   614
       Crystal plate arm |       |       |       |       |       |       |    79 ||    79
Dodge: Dodged            |    40 |    69 |    98 |   364 |   652 |   611 |   448 ||  2282
